 Dungeon Crawl Stone Soup version 0.31-a0-806-g0bc164a743 (webtiles) character file.

Game seed: 9979886037305544208

5001 DocSulfur the Mimic (level 10, 0/53 (65) HPs)
             Began as an Octopode Berserker on Sept 20, 2023.
             Was a Believer of Trog.
             Slain by an orc wizard
             ... wielding a +0 dagger
              (4 damage)
             ... on level 10 of the Dungeon.
             The game lasted 00:29:26 (9112 turns).

DocSulfur the Mimic (Octopode Berserker)            Turns: 9112, Time: 00:29:27

HP:   0/53 (65)     AC:  1    Str: 21    XL:     10   Next: 54%
MP:   0/10          EV: 20    Int:  9    God:    Trog [**....]
Gold: 349           SH:  3    Dex: 12    Spells: 9/9 levels left

rFire   . .          .
                       - Unarmed
rCold   . . .        m - +0 buckler
rNeg    . . .        (helmet restricted)
rPois   .            l - amulet of guardian spirit
rElec   .            o - +5 ring of evasion
rCorr   +            r - ring of see invisible
SInv    +            w - ring of resist corrosion
Will    .....        (no ring)
Stlth   +++          (no ring)
HPRegen 0.28/turn    (no ring)
MPRegen 0.12/turn    (no ring)
                     (no ring)

%: guardian spirit
@: brilliant, lethally poisoned (0 -> -2), silenced, on berserk cooldown,
slowed, heavily drained, very slow
A: almost no armour, amphibious, 8 rings, camouflage 1, gelatinous body 1,
(nimble swimmer 1), tentacles
a: Renounce Religion


You were on level 10 of the Dungeon.
You worshipped Trog.
Trog was pleased with you.
You visited 2 branches of the dungeon, and saw 11 of its levels.

You collected 349 gold pieces.

Inventory:

Missiles
 c - 18 poisoned darts (quivered)
 A - 11 javelins
 E - a curare-tipped dart
 F - a boomerang
Armour
 m - a +0 buckler (worn)
Jewellery
 l - an amulet of guardian spirit (around mantle)
 o - a +5 ring of evasion (left tentacle)
 r - a ring of see invisible (right tentacle)
 w - a ring of resist corrosion (on tentacle)
Talismans
 g - a maw talisman
 k - a talisman of death
 x - a blade talisman
Wands
 a - a wand of acid (6)
 b - a wand of flame (30)
 j - a wand of iceblast (8)
 C - a wand of polymorph (9)
Scrolls
 f - 2 scrolls of enchant armour
 i - a scroll of silence
 n - a scroll of blinking {unknown}
 s - 2 scrolls of poison
 v - a scroll of enchant weapon {unknown}
 y - 4 scrolls of teleportation {unknown}
Potions
 d - 2 potions of enlightenment {unknown}
 e - 2 potions of brilliance
 p - a potion of curing {unknown}
 q - a potion of ambrosia {unknown}
 t - a potion of lignification {unknown}
 u - a potion of berserk rage {unknown}
 z - a potion of haste {unknown}
 B - a potion of resistance {unknown}
 D - a potion of degeneration {unknown}


   Skills:
 - Level 4.7 Fighting
 - Level 3.0 Throwing
 - Level 6.8 Dodging
 - Level 5.0 Stealth
 - Level 7.5 Unarmed Combat
 * Level 9.6 Shapeshifting


You had 9 spell levels left.
You didn't know any spells.
Your spell library was empty.

Dungeon Overview and Level Annotations

Branches:
Dungeon (10/15)            Temple (1/1) D:6            Lair (0/5) D:10
    Orc (0/2) D:10

Altars:
Ashenzari
Cheibriados
Dithmenos
Elyvilon
Fedhas
Gozag
Hepliaklqana
Kikubaaqudgha
Makhleb
Nemelex Xobeh
Okawaru
Qazlal
Ru
Sif Muna
Trog
Uskayaw
Vehumet
Wu Jian
Xom
Yredelemnul
Zin
The Shining One

Shops:
D:3 :

Annotations:
D:10 exclusion: oklob plant, Amaemon, Sonja


Innate Abilities, Weirdness & Mutations

You cannot wear most types of armour.
You are amphibious.
You can wear up to eight rings at the same time.
Your skin changes colour to match your surroundings (Stealth+).
Your rubbery body absorbs attacks. (AC +1, EV +1)
((You are camouflaged when in or above water. (Stealth+)))
You have tentacles for arms and can constrict up to eight enemies at once.


Message History

The orc wizard hits you with a +0 dagger.
Sonja hits you with a +0 dagger of draining!
You feel drained. Sonja completely misses you.
Sonja hits you with a +0 dagger of draining.
* * * LOW HITPOINT WARNING * * *
You feel drained.
* * * LOW HITPOINT WARNING * * *
The orc wizard hits you with a +0 dagger.
* * * LOW HITPOINT WARNING * * *
You feel much better.
You feel sick. The orc warrior misses you.
Sonja hits you with a +0 dagger of draining!
You feel drained.
* * * LOW HITPOINT WARNING * * *
Sonja misses you. Sonja completely misses you.
The orc wizard closely misses you. The orc wizard barely misses you.
The orc warrior completely misses you. Sonja misses you. x2
Sonja barely misses you.
Aiming: Corrosive Bolt
Press: ? - help, Shift-Dir - straight line, f - orc wizard
Aim: an orc wizard, wielding a +0 dagger and wearing a +0 robe (slightly transparent, 64% to hit)
The bolt of acid misses Sonja.
The bolt of acid hits the orc wizard.
The orc wizard seems to be corroded for longer.
You kill the orc wizard!
Trog accepts your kill.
Trog appreciates your killing of a magic user.
The bolt of acid hits the orc wizard!
The orc wizard is almost dead.
The bolt of acid misses the orc wizard.
You feel sick.
A killer bee comes into view.
Sonja completely misses you.
Sonja hits you with a +0 dagger of draining.
* * * LOW HITPOINT WARNING * * *
You feel drained.
* * * LOW HITPOINT WARNING * * *
Sonja hits you with a +0 dagger of draining.
* * * LOW HITPOINT WARNING * * *
You feel drained.
* * * LOW HITPOINT WARNING * * *
The orc wizard hits you with a +0 dagger.
You die...

#..............#
#.......#####..#
#.......# #..#
#.#####.# #..#
#. #.# #..# #.
#.# #..# #. #.#
#..# #. #. #..#
. #@o####..
#Koo.....
#.#####yoo.....
##.....yoo#####.
.......yoo#
....####).# ##.
#...o# #..#.#
#.....8


You could see Sonja, an orc warrior, 3 killer bees, an orc priest, 4 orc wizards
and 3 orcs.

Vanquished Creatures
  A two-headed ogre (D:10)
  Grinder (D:5)
  A hornet (D:9)
  Prince Ribbit (D:7)
  A steam dragon (D:6)
  5 water moccasins
  3 orc warriors
  2 ice beasts
  3 ogres
  5 centaurs
  A gnoll sergeant (D:7)
  A kobold brigand (D:9)
  2 scorpions
  3 bullfrogs
  13 wights
  2 killer bees (D:10)
  3 howler monkeys (D:8)
  3 hounds
  3 jellies
  An orc priest (D:9)
  6 orc wizards
  A sleepcap (D:6)
  Ijyb (D:5)
  2 iguanas
  14 gnolls
  9 adders
  A shadow imp (D:7)
  2 white imps
  2 ufetubi
  A worm (D:2)
  4 dart slugs
  20 orcs
  5 ball pythons
  4 bats
  4 endoplasms
  4 giant cockroaches
  5 hobgoblins
  4 jackals (D:1)
  14 kobolds
  A quokka (D:3)
  3 frilled lizards
  8 goblins
  5 rats
175 creatures vanquished.

Vanquished Creatures (others)
  2 orcs (D:6)
2 creatures vanquished.

Grand Total: 177 creatures vanquished

Notes
Turn   | Place    | Note
-------+----------+-------------------------------------------
     0 | D:1      | DocSulfur the Octopode Berserker began the quest for the
                  | Orb.
     0 | D:1      | Reached XP level 1. HP: 16/16 MP: 1/1
    72 | D:1      | Reached XP level 2. HP: 21/21 MP: 2/2
   277 | D:1      | Found a faded altar of an unknown god.
   637 | D:2      | Reached XP level 3. HP: 25/26 MP: 3/3
   647 | D:2      | Reached skill level 1 in Throwing
   722 | D:2      | Reached XP level 4. HP: 22/31 MP: 4/4
  1051 | D:2      | Reached ** piety under Trog
  1259 | D:2      | Found a sparkling altar of Nemelex Xobeh.
  1297 | D:2      | Upgraded the game from 0.31-a0-801-gc67433417a to
                  | 0.31-a0-806-g0bc164a743
  1451 | D:3      | Found an ornate altar of the Wu Jian Council.
  1498 | D:3      | Reached XP level 5. HP: 29/36 MP: 5/5
  1599 | D:3      | Noticed an ice beast
  1738 | D:3      | Found Ylam's Book Shoppe.
  2130 | D:4      | Found a basalt altar of Yredelemnul.
  2219 | D:4      | Reached XP level 6. HP: 42/42 MP: 6/6
  2346 | D:4      | You fall into a shaft and drop 2 floors!
  2357 | D:6      | Noticed an ice beast
  2380 | D:5      | Entered Level 5 of the Dungeon
  2412 | D:5      | Noticed a water moccasin
  2424 | D:5      | Killed a water moccasin
  2425 | D:5      | Reached skill level 5 in Dodging
  2428 | D:5      | Reached skill level 5 in Unarmed Combat
  2428 | D:5      | Reached XP level 7. HP: 46/46 MP: 7/7
  2483 | D:5      | Noticed Ijyb
  2498 | D:5      | Killed Ijyb
  2700 | D:5      | Noticed Grinder
  2708 | D:5      | Killed Grinder
  2709 | D:5      | Reached skill level 1 in Shapeshifting
  2837 | D:5      | Reached skill level 2 in Shapeshifting
  2837 | D:5      | Reached XP level 8. HP: 52/52 MP: 8/8
  3420 | D:5      | Found an ancient bone altar of Kikubaaqudgha.
  3611 | D:5      | Reached skill level 5 in Stealth
  3865 | D:6      | Reached skill level 3 in Shapeshifting
  4229 | D:6      | Found a staircase to the Ecumenical Temple.
  4311 | Temple   | Entered the Ecumenical Temple
  4465 | D:6      | Reached skill level 4 in Shapeshifting
  4851 | D:7      | Reached XP level 9. HP: 56/56 MP: 9/9
  4900 | D:7      | Reached skill level 5 in Shapeshifting
  5759 | D:7      | Identified the +4 ring mail of the Equator {Fly SInv}
  5967 | D:7      | Reached skill level 6 in Shapeshifting
  6396 | D:7      | Noticed Prince Ribbit
  6402 | D:7      | Killed Prince Ribbit
  6772 | D:8      | Reached skill level 7 in Shapeshifting
  6816 | D:8      | Noticed a two-headed ogre
  6927 | D:8      | Found the +5 robe of Night {Dark Will+ SInv}
  7167 | D:8      | Noticed a boulder beetle
  7524 | D:9      | Reached XP level 10. HP: 65/65 MP: 10/10
  7837 | D:9      | Reached skill level 8 in Shapeshifting
  8459 | D:9      | Found a shadowy altar of Dithmenos.
  8533 | D:9      | Found a glowing silver altar of Zin.
  8533 | D:9      | Found an opulent altar of Gozag.
  8576 | D:9      | Reached *** piety under Trog
  8683 | D:10     | Entered Level 10 of the Dungeon
  8687 | D:10     | Noticed Amaemon
  8869 | D:10     | Found a staircase to the Lair.
  8871 | D:10     | Noticed an oklob plant
  8988 | D:10     | Noticed a two-headed ogre
  9010 | D:10     | Killed a two-headed ogre
  9011 | D:10     | Reached skill level 9 in Shapeshifting
  9099 | D:10     | Found a staircase to the Orcish Mines.
  9100 | D:10     | Noticed Sonja
  9112 | D:10     | Slain by an orc wizard

Illustrated notes

Levels and vault maps discovered:
D:1:      eino_arrival_water_cross, layout_loops_ring,
          hellmonk_ecumenical_altar_leap_of_faith
D:2:      layout_basic, basic_altar
D:3:      layout_basic, nicolae_wu_jian_wuxing_cycle, serial_shops, shop
D:4:      layout_loops_ring, mainiacjoe_overflow_alcove_1
D:5:      layout_cave_pods, mainiacjoe_overflow_tiny_flanked, serial_bayou,
          serial_bayou_crossing, serial_bayou_pond_c, serial_bayou_lagoon_b,
          serial_bayou_pond_a, minmay_crystal_water, uniq_grinder, uniq_ijyb
D:6:      layout_rooms, minmay_temple_entry_ruins, serial_aquarium,
          aquarium_bridge_long_separate [aquarium_subvault_balcony,
          aquarium_subvault_balcony, aquarium_subvault_bridge,
          aquarium_subvault_wall, aquarium_subvault_window,
          aquarium_subvault_bridge], aquarium_bridge_square
          [aquarium_subvault_bridge, aquarium_subvault_balcony,
          aquarium_subvault_wall, aquarium_subvault_bridge], aquarium_window_1,
          aquarium_window_fake, aquarium_window_1, aquarium_view_2c,
          aquarium_balcony_3b
D:7:      layout_loops_corners, uniq_prince_ribbit1
D:8:      layout_basic
D:9:      layout_basic, grunt_temple_overflow_gold_and_silver,
          nicolae_dithmenos_the_darkroom
D:10:     layout_long_grid, dpeg_oklobed_lair, minmay_orc_entry_temple_small,
          uniq_sonja, uniq_amaemon, uniq_maggie
Temple:   nicolae_temple_x_marks_the_god

Skill      XL: |  1  2  3  4  5  6  7  8  9 10 |
---------------+-------------------------------+-----
Throwing       | 1 2 3 |  3.0
Dodging        | 4 5 6 |  6.8
Unarmed Combat | 4 5 6 7 |  7.5
Stealth        | 2 4 5 |  5.0
Shapeshifting  | 2 4 7 9 |  9.6
Fighting       | 4 |  4.7

Action                     |  1- 3 |  4- 6 |  7- 9 | 10-12 || total
---------------------------+-------+-------+-------+-------++-------
  Melee: Unarmed           |    33 |    97 |   190 |    64 ||   384
         Constrict         |     9 |    22 |    51 |     6 ||    88
         Tentacles         |     5 |    22 |    57 |    18 ||   102
         Punch             |     2 |     1 |     4 |     2 ||     9
  Throw: Dart              |       |       |     4 |    12 ||    16
         Throwing net      |       |       |     1 |       ||     1
 Invoke: Berserk           |     1 |     3 |    17 |     4 ||    25
         Trog's Hand       |       |       |     3 |       ||     3
  Evoke: Wand              |       |       |     4 |     6 ||    10
    Use: Scroll            |       |     4 |     1 |     1 ||     6
         Potion            |       |       |     1 |     3 ||     4
   Stab: Sleeping          |     3 |     6 |    11 |     2 ||    22
         Distracted        |       |       |     1 |       ||     1
 Armour: Skin              |     8 |    25 |    70 |    50 ||   153
  Dodge: Dodged            |    14 |    58 |   124 |   105 ||   301
  Block: Buckler           |       |     6 |    15 |    18 ||    39

Table legend: (Time is in decaauts)
 A = Elapsed time spent in this place.
 B = Non-inter-level travel time spent in this place.
 C = Inter-level travel time spent in this place.
 D = Time resting spent in this place.
 E = Time spent auto-exploring this place.
 F = Levels seen in this place.
 G = Mean time per level.
                   A        B        C        D        E       F      G
               +--------+--------+--------+--------+--------+-----+--------+
         Total |   9340 |   9059 |    281 |   2303 |   2440 |  11 |  849.1 |
       Dungeon |   9333 |   9052 |    281 |   2303 |   2440 |  10 |  933.3 |
        Temple |      7 |      7 |      0 |      0 |      0 |   1 |    7.0 |
               +--------+--------+--------+--------+--------+-----+--------+

Top non-repeatable levels by time:
     D:7: 1914 daAuts
     D:5: 1396 daAuts
     D:9: 1388 daAuts
     D:6: 842 daAuts
     D:8: 782 daAuts
     D:3: 717 daAuts
     D:2: 712 daAuts
     D:1: 629 daAuts
     D:4: 616 daAuts
    D:10: 331 daAuts
  Temple: 7 daAuts
